 Dungeon Crawl Stone Soup version 0.23.2-40-g277498a001 (webtiles) character file.

Game seed: 8196854410272860387

126 Hylith the Magician (level 4, 0/32 HPs)
             Began as a Deep Elf Fire Elementalist on Sept 25, 2019.
             Succumbed to an adder's poison
             ... on level 2 of the Dungeon.
             The game lasted 00:04:15 (1307 turns).

Hylith the Magician (Deep Elf Fire Elementalist)    Turns: 1307, Time: 00:04:15

Health: 0/32       AC:  3    Str:  5    XL:     4   Next: 83%
Magic:  6/15       EV: 13    Int: 26    God:
Gold:   52         SH:  0    Dex: 15    Spells: 17/18 levels left

rFire    . . .     SeeInvis .   h - -1 spear (curse)
rCold    . . .     Gourm    .   (no shield)
rNeg     . . .     Faith    .   a - +0 robe
rPois    .         Spirit   .   (no helmet)
rElec    .         Reflect  .   d - +0 cloak
rCorr    .         Harm     .   (no gloves)
MR       .....                  (no boots)
Stlth    ++........             (no amulet)
HPRegen  0.10/turn              (no ring)
MPRegen  0.14/turn              (no ring)

@: brilliant, lethally poisoned (0 -> -13), hasted, very quick
A: no striking features
a: no special abilities


You were on level 2 of the Dungeon.
You were not hungry.

You visited 1 branch of the dungeon, and saw 2 of its levels.

You collected 52 gold pieces.

Inventory:

Hand Weapons
 h - a cursed -1 spear (weapon)
Armour
 a - a +0 robe (worn)
 d - a +0 cloak (worn)
Scrolls
 b - a scroll of amnesia {unknown}
 e - 4 scrolls of remove curse {unknown}
 g - 3 scrolls of identify {unknown}
Potions
 k - a potion of resistance {unknown}
 m - a potion of might {unknown}
Comestibles
 c - a ration


   Skills:
 + Level 6.1 Fighting
 + Level 3.0 Dodging
 - Level 3.0 Stealth
 + Level 7.6 Spellcasting
 + Level 2.1 Conjurations
 + Level 6.7 Fire Magic


You had 17 spell levels left.
You knew the following spells:

 Your Spells              Type           Power        Failure   Level  Hunger
a - Flame Tongue          Conj/Fire      #####        1%          1    None

Your spell library contained the following spells:

 Spells                   Type           Power        Failure   Level  Hunger
 Throw Flame              Conj/Fire      #####.       1%          2    None
 Conjure Flame            Conj/Fire      #####...     1%          3    None
 Inner Flame              Hex/Fire       #####...     1%          3    None
 Sticky Flame             Conj/Fire      #####...     1%          4    ##.....
 Fireball                 Conj/Fire      #####.....   3%          5    ####...


Dungeon Overview and Level Annotations

Branches:
Dungeon (2/15)

Altars:


Message History

The flame tongue hits the adder!
You kill the adder!
Your Dodging skill increases to level 3!
* * * LOW HITPOINT WARNING * * *
You feel sick.
It was a potion of brilliance.
You feel clever all of a sudden.
* * * LOW HITPOINT WARNING * * *
You feel sick.
It was a potion of experience.
You feel more experienced!
Your Fighting skill gained 6 levels and is now at level 6!
Your Spellcasting skill gained 4 levels and is now at level 7!
Your Fire Magic skill gained 3 levels and is now at level 6!
You have reached level 4!
You feel clever.
* * * LOW HITPOINT WARNING * * *
You feel sick.
It was a potion of haste.
You feel yourself speed up.
You die...

##.... .. ............
######...........
................
######## #...#.........
.......# ##.#......?....
.......###..............
................††......
<...............@.......
........##.......####...
.......###.......#
.).....# #####.###
.......# #...# .......#
###.... .......# .$...#
######## ....# ....#


There were no monsters in sight!

Vanquished Creatures
  3 adders
  An ooze (D:1)
  A dart slug (D:1)
  A leopard gecko (D:1)
  4 goblins
  A hobgoblin (D:1)
  4 jackals
  2 ball pythons (D:1)
  3 bats
  4 kobolds (D:1)
  5 rats (D:1)
29 creatures vanquished.

Notes
Turn   | Place    | Note
-------+----------+-------------------------------------------
     0 | D:1      | Hylith the Deep Elf Fire Elementalist began the quest for
                  | the Orb.
     0 | D:1      | Reached XP level 1. HP: 10/10 MP: 6/6
   487 | D:1      | Reached XP level 2. HP: 15/15 MP: 5/8
  1058 | D:2      | Reached XP level 3. HP: 19/20 MP: 4/9
  1305 | D:2      | HP: 1/20 [poisoned by an adder]
  1306 | D:2      | Reached skill level 7 in Spellcasting
  1306 | D:2      | Reached XP level 4. HP: 2/32 MP: 6/15
  1307 | D:2      | Succumbed to an adder's poison

Skill      XL: |  1  2  3 |
---------------+----------+-----
Stealth        | 3 |  3.0
Conjurations   | 2 |  2.1
Dodging        | 3 |  3.0
Fighting       | 6 |  6.1
Spellcasting   | 7 |  7.6
Fire Magic     | 6 |  6.7

Action                   |  1- 3 |  4- 6 || total
-------------------------+-------+-------++-------
Melee: Spear             |    19 |       ||    19
 Cast: Flame Tongue      |    47 |       ||    47
  Use: Potion            |     2 |     1 ||     3
 Stab: Sleeping          |     1 |       ||     1
  Eat: Chunk             |     1 |       ||     1
Armor: Robe              |    15 |       ||    15
Dodge: Dodged            |    40 |       ||    40
